 Dungeon Crawl Stone Soup version 0.28.0-43-g3370ac3207 (webtiles) character file.

Game seed: 10594691947532425415

128 adizb the Covered (level 5, 0/42 HPs)
             Began as a Barachi Fighter on Mar 5, 2022.
             Succumbed to Sigmund's poison
             ... on level 3 of the Dungeon.
             The game lasted 00:10:32 (2240 turns).

adizb the Covered (Barachi Fighter)                 Turns: 2240, Time: 00:10:32

Health: 0/42       AC:  9    Str: 15 (18) XL:     5   Next: 12%
Magic:  6/6        EV:  9    Int:  5 (8)  God:
Gold:   134        SH:  5    Dex: 11 (13) Spells: 5/5 levels left

rFire   . . .      SeeInvis .   o - +0 falchion
rCold   . . .      Faith    .   (no shield)
rNeg    . . .      Spirit   .   b - +0 scale mail
rPois   .          Reflect  +   q - +0 helmet
rElec   .          Harm     .   e - +0 cloak
rCorr   .          Rampage  .   (no gloves)
Will    .....                   (no boots)
Stlth   ..........              n - amulet of reflection
HPRegen 0.14/turn               (no ring)
MPRegen 0.10/turn               (no ring)

@: brilliant, lethally poisoned (0 -> -6), unable to hop, flying, slow
A: amphibious, slowness 1, strong legs 1, +LOS
a: Hop


You were on level 3 of the Dungeon.
You visited 1 branch of the dungeon, and saw 3 of its levels.

You collected 134 gold pieces.

Inventory:

Hand Weapons
 a - a +0 long sword
 o - a +0 falchion (weapon)
Armour
 b - a +0 scale mail (worn)
 e - a +0 cloak (worn)
 q - a +0 helmet (worn)
Jewellery
 k - the amulet "Moxowuodae" {Acrobat rC- Will+ Int+4}
   (You found it on level 3 of the Dungeon)

   [amulet of the acrobat]

   It increases your evasion while moving and waiting.
   Int:       It affects your intelligence (+4).
   rC:        It makes you vulnerable to cold.
   Will:      It increases your willpower.
 n - an amulet of reflection (around neck)
 s - a ring of ice
Scrolls
 g - 2 scrolls of amnesia {unknown}
 r - a scroll of fog
Potions
 f - a potion of berserk rage {unknown}
 h - a potion of brilliance
 m - a potion of ambrosia {unknown}


   Skills:
 + Level 4.2 Fighting
 * Level 3.9 Long Blades
 * Level 4.8 Armour
 + Level 1.8 Dodging
 - Level 3.2 Shields
 + Level 0.9 Spellcasting


You had 5 spell levels left.
You didn't know any spells.
Your spell library was empty.

Dungeon Overview and Level Annotations

Branches:
Dungeon (3/15)

Altars:

Annotations:
D:3 Sigmund


Innate Abilities, Weirdness & Mutations

You are amphibious.
You cover ground slowly.
You can hop short distances.
You have an extended range of vision and can be seen from far away.


Message History

Sigmund hits you with a +0 scythe of venom.
You are more poisoned.
You barely miss Sigmund.
Sigmund is moderately wounded.
You feel very sick. Sigmund completely misses you.
You hit Sigmund.
Sigmund is moderately wounded.
You feel sick. You block Sigmund's attack.
You closely miss Sigmund.
Sigmund is moderately wounded.
You feel sick.
You closely miss Sigmund.
Sigmund is moderately wounded.
You feel sick.
Sigmund hits you with a +0 scythe of venom.
You are more poisoned.
You hit Sigmund.
Sigmund is moderately wounded.
You feel sick.
Sigmund hits you with a +0 scythe of venom!
You are lethally poisoned!
Hop to where?
Press: ? - help, Dir - move target Boing!
* * * LOW HITPOINT WARNING * * *
You feel very sick.
* * * LOW HITPOINT WARNING * * *
You feel very sick.
* * * LOW HITPOINT WARNING * * *
You feel very sick.
It was a potion of degeneration.
There was something very wrong with that liquid.
You feel weakened.
You feel dopey.
You feel clumsy.
* * * LOW HITPOINT WARNING * * *
You feel sick.
It was a potion of flight.
You feel very buoyant.
You fly up into the air.
You die...

.#....###..............#.# #....#
..#...........###........###....#
..#...######..# ###.#.....##....#
..#.l## ##.#####.####....<...#
..##@# #.......####...#.....
..)..# #.###................
.##..# #......###...........
..##.# #....### #........##.
..##.## ## #...@# #...........
..##..####.##....# #......##.#.
....#..........[.# ####.#.###.##
..#...###....(.@## #.....#.# #.#
.####.# #.......###..#####.# ##
#..####..........# ####.###.## #
#...........########.........#
##.####...............##.######
###..# #.......##########(## #


You could see Sigmund.

Vanquished Creatures
  An orc wizard (D:3)
  4 adders
  A worm (D:3)
  4 dart slugs
  2 orcs (D:3)
  5 bats
  3 endoplasms
  2 giant cockroaches
  4 hobgoblins
  2 jackals (D:1)
  5 kobolds
  5 quokkas
  5 ball pythons
  4 frilled lizards
  4 goblins
  2 rats
53 creatures vanquished.

Notes
Turn   | Place    | Note
-------+----------+-------------------------------------------
     0 | D:1      | adizb the Barachi Fighter began the quest for the Orb.
     0 | D:1      | Reached XP level 1. HP: 18/18 MP: 1/1
    94 | D:1      | Reached XP level 2. HP: 20/25 MP: 2/2
   188 | D:1      | Found a faded altar of an unknown god.
   283 | D:1      | Reached XP level 3. HP: 29/30 MP: 3/3
   290 | D:1      | Reached skill level 1 in Dodging
  1029 | D:2      | Reached XP level 4. HP: 29/37 MP: 4/4
  1154 | D:3      | Noticed Sigmund
  1376 | D:3      | Identified the amulet "Moxowuodae" {Acrobat rC- Will+
                  | Int+4}
  1471 | D:3      | Reached XP level 5. HP: 33/42 MP: 4/6
  2022 | D:3      | HP: 1/42 [poisoned by Sigmund]
  2238 | D:3      | HP: 2/42 [poisoned by Sigmund]
  2240 | D:3      | Succumbed to Sigmund's poison

Illustrated notes

Levels and vault maps discovered:
D:1:      mrwooster_arrival_arrow, layout_basic, basic_ecumenical_altar
D:2:      layout_loops_ring
D:3:      layout_rooms, chei_slow_surprise, nicolae_underground_beach,
          uniq_sigmund

Skill      XL: |  1  2  3 |
---------------+----------+-----
Armour         | 4 |  4.8
Long Blades    | 3 |  3.9
Dodging        | 1 |  1.8
Fighting       | 4 |  4.2
Shields        | |  3.2
Spellcasting   | |  0.9

Action                   |  1- 3 |  4- 6 || total
-------------------------+-------+-------++-------
Melee: Long sword        |   106 |    31 ||   137
       Falchion          |       |    39 ||    39
       Punch             |       |     1 ||     1
 Abil: Hop               |       |     4 ||     4
  Use: Scroll            |       |     4 ||     4
       Potion            |       |     7 ||     7
Armor: Scale mail        |    70 |    38 ||   108
Dodge: Dodged            |    58 |    42 ||   100
Block: Other             |       |    12 ||    12
